%YAML 1.1
%TAG !u! tag:unity3d.com,2011:
--- !u!1 &7140953536990941773
GameObject:
  m_ObjectHideFlags: 0
  m_CorrespondingSourceObject: {fileID: 0}
  m_PrefabInstance: {fileID: 0}
  m_PrefabAsset: {fileID: 0}
  serializedVersion: 6
  m_Component:
  - component: {fileID: 7140953536990941774}
  m_Layer: 0
  m_Name: Walls
  m_TagString: Untagged
  m_Icon: {fileID: 0}
  m_NavMeshLayer: 0
  m_StaticEditorFlags: 0
  m_IsActive: 1
--- !u!4 &7140953536990941774
Transform:
  m_ObjectHideFlags: 0
  m_CorrespondingSourceObject: {fileID: 0}
  m_PrefabInstance: {fileID: 0}
  m_PrefabAsset: {fileID: 0}
  m_GameObject: {fileID: 7140953536990941773}
  m_LocalRotation: {x: -0, y: -0, z: -0, w: 1}
  m_LocalPosition: {x: 0, y: 0, z: 0}
  m_LocalScale: {x: 1, y: 1, z: 1}
  m_Children:
  - {fileID: 7383575674532478031}
  - {fileID: 5553513788284928050}
  - {fileID: 8351935085413443440}
  - {fileID: 3701308864896992202}
  m_Father: {fileID: 7140953536997797564}
  m_RootOrder: 0
  m_LocalEulerAnglesHint: {x: 0, y: 0, z: 0}
--- !u!1 &7140953536997797563
GameObject:
  m_ObjectHideFlags: 0
  m_CorrespondingSourceObject: {fileID: 0}
  m_PrefabInstance: {fileID: 0}
  m_PrefabAsset: {fileID: 0}
  serializedVersion: 6
  m_Component:
  - component: {fileID: 7140953536997797564}
  m_Layer: 0
  m_Name: Room_EW
  m_TagString: Untagged
  m_Icon: {fileID: 0}
  m_NavMeshLayer: 0
  m_StaticEditorFlags: 0
  m_IsActive: 1
--- !u!4 &7140953536997797564
Transform:
  m_ObjectHideFlags: 0
  m_CorrespondingSourceObject: {fileID: 0}
  m_PrefabInstance: {fileID: 0}
  m_PrefabAsset: {fileID: 0}
  m_GameObject: {fileID: 7140953536997797563}
  m_LocalRotation: {x: 0, y: 0, z: 0, w: 1}
  m_LocalPosition: {x: 0, y: 0, z: 0}
  m_LocalScale: {x: 2, y: 2, z: 2}
  m_Children:
  - {fileID: 7140953536990941774}
  - {fileID: 4880545506030377629}
  - {fileID: 5858829225158057632}
  - {fileID: 1647211129070597613}
  - {fileID: 8219784710931063863}
  - {fileID: 8993746305754423404}
  - {fileID: 1205976069224368013}
  - {fileID: 7443262205882211474}
  m_Father: {fileID: 0}
  m_RootOrder: 0
  m_LocalEulerAnglesHint: {x: 0, y: 0, z: 0}
--- !u!1001 &1230122726274778912
PrefabInstance:
  m_ObjectHideFlags: 0
  serializedVersion: 2
  m_Modification:
    m_TransformParent: {fileID: 7140953536990941774}
    m_Modifications:
    - target: {fileID: 6629383623060178705, guid: 2740a453d720f4e1388853887636a13a,
        type: 3}
      propertyPath: m_Name
      value: Wall_Door (1)
      objectReference: {fileID: 0}
    - target: {fileID: 6629383623060178706, guid: 2740a453d720f4e1388853887636a13a,
        type: 3}
      propertyPath: m_LocalPosition.x
      value: 4
      objectReference: {fileID: 0}
    - target: {fileID: 6629383623060178706, guid: 2740a453d720f4e1388853887636a13a,
        type: 3}
      propertyPath: m_LocalPosition.y
      value: 0
      objectReference: {fileID: 0}
    - target: {fileID: 6629383623060178706, guid: 2740a453d720f4e1388853887636a13a,
        type: 3}
      propertyPath: m_LocalPosition.z
      value: 0
      objectReference: {fileID: 0}
    - target: {fileID: 6629383623060178706, guid: 2740a453d720f4e1388853887636a13a,
        type: 3}
      propertyPath: m_LocalRotation.x
      value: -0
      objectReference: {fileID: 0}
    - target: {fileID: 6629383623060178706, guid: 2740a453d720f4e1388853887636a13a,
        type: 3}
      propertyPath: m_LocalRotation.y
      value: -0.70710695
      objectReference: {fileID: 0}
    - target: {fileID: 6629383623060178706, guid: 2740a453d720f4e1388853887636a13a,
        type: 3}
      propertyPath: m_LocalRotation.z
      value: -0
      objectReference: {fileID: 0}
    - target: {fileID: 6629383623060178706, guid: 2740a453d720f4e1388853887636a13a,
        type: 3}
      propertyPath: m_LocalRotation.w
      value: 0.70710665
      objectReference: {fileID: 0}
    - target: {fileID: 6629383623060178706, guid: 2740a453d720f4e1388853887636a13a,
        type: 3}
      propertyPath: m_RootOrder
      value: 1
      objectReference: {fileID: 0}
    - target: {fileID: 6629383623060178706, guid: 2740a453d720f4e1388853887636a13a,
        type: 3}
      propertyPath: m_LocalEulerAnglesHint.x
      value: 0
      objectReference: {fileID: 0}
    - target: {fileID: 6629383623060178706, guid: 2740a453d720f4e1388853887636a13a,
        type: 3}
      propertyPath: m_LocalEulerAnglesHint.y
      value: -90.00001
      objectReference: {fileID: 0}
    - target: {fileID: 6629383623060178706, guid: 2740a453d720f4e1388853887636a13a,
        type: 3}
      propertyPath: m_LocalEulerAnglesHint.z
      value: 0
      objectReference: {fileID: 0}
    - target: {fileID: 6629383623060178710, guid: 2740a453d720f4e1388853887636a13a,
        type: 3}
      propertyPath: m_Mesh
      value: 
      objectReference: {fileID: 0}
    - target: {fileID: 6629383623060178707, guid: 2740a453d720f4e1388853887636a13a,
        type: 3}
      propertyPath: m_Mesh
      value: 
      objectReference: {fileID: 0}
    m_RemovedComponents: []
  m_SourcePrefab: {fileID: 100100000, guid: 2740a453d720f4e1388853887636a13a, type: 3}
--- !u!4 &5553513788284928050 stripped
Transform:
  m_CorrespondingSourceObject: {fileID: 6629383623060178706, guid: 2740a453d720f4e1388853887636a13a,
    type: 3}
  m_PrefabInstance: {fileID: 1230122726274778912}
  m_PrefabAsset: {fileID: 0}
--- !u!1001 &1455800592782898618
PrefabInstance:
  m_ObjectHideFlags: 0
  serializedVersion: 2
  m_Modification:
    m_TransformParent: {fileID: 7140953536997797564}
    m_Modifications:
    - target: {fileID: -927199367670048503, guid: abf47100da7f44408bf3c2c1f405ed1b,
        type: 3}
      propertyPath: m_Name
      value: Stones_1
      objectReference: {fileID: 0}
    - target: {fileID: -4216859302048453862, guid: abf47100da7f44408bf3c2c1f405ed1b,
        type: 3}
      propertyPath: m_LocalPosition.x
      value: -1.1603103
      objectReference: {fileID: 0}
    - target: {fileID: -4216859302048453862, guid: abf47100da7f44408bf3c2c1f405ed1b,
        type: 3}
      propertyPath: m_LocalPosition.y
      value: 0
      objectReference: {fileID: 0}
    - target: {fileID: -4216859302048453862, guid: abf47100da7f44408bf3c2c1f405ed1b,
        type: 3}
      propertyPath: m_LocalPosition.z
      value: 2
      objectReference: {fileID: 0}
    - target: {fileID: -4216859302048453862, guid: abf47100da7f44408bf3c2c1f405ed1b,
        type: 3}
      propertyPath: m_LocalRotation.x
      value: -0.7071068
      objectReference: {fileID: 0}
    - target: {fileID: -4216859302048453862, guid: abf47100da7f44408bf3c2c1f405ed1b,
        type: 3}
      propertyPath: m_LocalRotation.y
      value: -0
      objectReference: {fileID: 0}
    - target: {fileID: -4216859302048453862, guid: abf47100da7f44408bf3c2c1f405ed1b,
        type: 3}
      propertyPath: m_LocalRotation.z
      value: -0
      objectReference: {fileID: 0}
    - target: {fileID: -4216859302048453862, guid: abf47100da7f44408bf3c2c1f405ed1b,
        type: 3}
      propertyPath: m_LocalRotation.w
      value: 0.7071067
      objectReference: {fileID: 0}
    - target: {fileID: -4216859302048453862, guid: abf47100da7f44408bf3c2c1f405ed1b,
        type: 3}
      propertyPath: m_RootOrder
      value: 2
      objectReference: {fileID: 0}
    - target: {fileID: -4216859302048453862, guid: abf47100da7f44408bf3c2c1f405ed1b,
        type: 3}
      propertyPath: m_LocalEulerAnglesHint.x
      value: 0
      objectReference: {fileID: 0}
    - target: {fileID: -4216859302048453862, guid: abf47100da7f44408bf3c2c1f405ed1b,
        type: 3}
      propertyPath: m_LocalEulerAnglesHint.y
      value: 0
      objectReference: {fileID: 0}
    - target: {fileID: -4216859302048453862, guid: abf47100da7f44408bf3c2c1f405ed1b,
        type: 3}
      propertyPath: m_LocalEulerAnglesHint.z
      value: 0
      objectReference: {fileID: 0}
    - target: {fileID: -4216859302048453862, guid: abf47100da7f44408bf3c2c1f405ed1b,
        type: 3}
      propertyPath: m_LocalScale.x
      value: 50
      objectReference: {fileID: 0}
    - target: {fileID: -4216859302048453862, guid: abf47100da7f44408bf3c2c1f405ed1b,
        type: 3}
      propertyPath: m_LocalScale.y
      value: 49.999985
      objectReference: {fileID: 0}
    - target: {fileID: -4216859302048453862, guid: abf47100da7f44408bf3c2c1f405ed1b,
        type: 3}
      propertyPath: m_LocalScale.z
      value: 49.999985
      objectReference: {fileID: 0}
    m_RemovedComponents: []
  m_SourcePrefab: {fileID: 100100000, guid: abf47100da7f44408bf3c2c1f405ed1b, type: 3}
--- !u!4 &5858829225158057632 stripped
Transform:
  m_CorrespondingSourceObject: {fileID: -4216859302048453862, guid: abf47100da7f44408bf3c2c1f405ed1b,
    type: 3}
  m_PrefabInstance: {fileID: 1455800592782898618}
  m_PrefabAsset: {fileID: 0}
--- !u!1001 &1696698222780363373
PrefabInstance:
  m_ObjectHideFlags: 0
  serializedVersion: 2
  m_Modification:
    m_TransformParent: {fileID: 7140953536997797564}
    m_Modifications:
    - target: {fileID: 5807213983234543382, guid: 2f1deaeca67ba4257a75e76f19763469,
        type: 3}
      propertyPath: m_Name
      value: Floor
      objectReference: {fileID: 0}
    - target: {fileID: 6066573328193022192, guid: 2f1deaeca67ba4257a75e76f19763469,
        type: 3}
      propertyPath: m_LocalPosition.x
      value: 0
      objectReference: {fileID: 0}
    - target: {fileID: 6066573328193022192, guid: 2f1deaeca67ba4257a75e76f19763469,
        type: 3}
      propertyPath: m_LocalPosition.y
      value: 0
      objectReference: {fileID: 0}
    - target: {fileID: 6066573328193022192, guid: 2f1deaeca67ba4257a75e76f19763469,
        type: 3}
      propertyPath: m_LocalPosition.z
      value: 0
      objectReference: {fileID: 0}
    - target: {fileID: 6066573328193022192, guid: 2f1deaeca67ba4257a75e76f19763469,
        type: 3}
      propertyPath: m_LocalRotation.x
      value: 0
      objectReference: {fileID: 0}
    - target: {fileID: 6066573328193022192, guid: 2f1deaeca67ba4257a75e76f19763469,
        type: 3}
      propertyPath: m_LocalRotation.y
      value: 0
      objectReference: {fileID: 0}
    - target: {fileID: 6066573328193022192, guid: 2f1deaeca67ba4257a75e76f19763469,
        type: 3}
      propertyPath: m_LocalRotation.z
      value: 0
      objectReference: {fileID: 0}
    - target: {fileID: 6066573328193022192, guid: 2f1deaeca67ba4257a75e76f19763469,
        type: 3}
      propertyPath: m_LocalRotation.w
      value: 1
      objectReference: {fileID: 0}
    - target: {fileID: 6066573328193022192, guid: 2f1deaeca67ba4257a75e76f19763469,
        type: 3}
      propertyPath: m_RootOrder
      value: 1
      objectReference: {fileID: 0}
    - target: {fileID: 6066573328193022192, guid: 2f1deaeca67ba4257a75e76f19763469,
        type: 3}
      propertyPath: m_LocalEulerAnglesHint.x
      value: 0
      objectReference: {fileID: 0}
    - target: {fileID: 6066573328193022192, guid: 2f1deaeca67ba4257a75e76f19763469,
        type: 3}
      propertyPath: m_LocalEulerAnglesHint.y
      value: 0
      objectReference: {fileID: 0}
    - target: {fileID: 6066573328193022192, guid: 2f1deaeca67ba4257a75e76f19763469,
        type: 3}
      propertyPath: m_LocalEulerAnglesHint.z
      value: 0
      objectReference: {fileID: 0}
    m_RemovedComponents: []
  m_SourcePrefab: {fileID: 100100000, guid: 2f1deaeca67ba4257a75e76f19763469, type: 3}
--- !u!4 &4880545506030377629 stripped
Transform:
  m_CorrespondingSourceObject: {fileID: 6066573328193022192, guid: 2f1deaeca67ba4257a75e76f19763469,
    type: 3}
  m_PrefabInstance: {fileID: 1696698222780363373}
  m_PrefabAsset: {fileID: 0}
--- !u!1001 &2463877210368030600
PrefabInstance:
  m_ObjectHideFlags: 0
  serializedVersion: 2
  m_Modification:
    m_TransformParent: {fileID: 7140953536997797564}
    m_Modifications:
    - target: {fileID: -927199367670048503, guid: a329f9d43657e4d2187ad7c38a5b5cc8,
        type: 3}
      propertyPath: m_Name
      value: Debri_3
      objectReference: {fileID: 0}
    - target: {fileID: -4216859302048453862, guid: a329f9d43657e4d2187ad7c38a5b5cc8,
        type: 3}
      propertyPath: m_LocalPosition.x
      value: -2.418071
      objectReference: {fileID: 0}
    - target: {fileID: -4216859302048453862, guid: a329f9d43657e4d2187ad7c38a5b5cc8,
        type: 3}
      propertyPath: m_LocalPosition.y
      value: 0
      objectReference: {fileID: 0}
    - target: {fileID: -4216859302048453862, guid: a329f9d43657e4d2187ad7c38a5b5cc8,
        type: 3}
      propertyPath: m_LocalPosition.z
      value: 1.5357018
      objectReference: {fileID: 0}
    - target: {fileID: -4216859302048453862, guid: a329f9d43657e4d2187ad7c38a5b5cc8,
        type: 3}
      propertyPath: m_LocalRotation.x
      value: -0.7071068
      objectReference: {fileID: 0}
    - target: {fileID: -4216859302048453862, guid: a329f9d43657e4d2187ad7c38a5b5cc8,
        type: 3}
      propertyPath: m_LocalRotation.y
      value: -0
      objectReference: {fileID: 0}
    - target: {fileID: -4216859302048453862, guid: a329f9d43657e4d2187ad7c38a5b5cc8,
        type: 3}
      propertyPath: m_LocalRotation.z
      value: -0
      objectReference: {fileID: 0}
    - target: {fileID: -4216859302048453862, guid: a329f9d43657e4d2187ad7c38a5b5cc8,
        type: 3}
      propertyPath: m_LocalRotation.w
      value: 0.7071067
      objectReference: {fileID: 0}
    - target: {fileID: -4216859302048453862, guid: a329f9d43657e4d2187ad7c38a5b5cc8,
        type: 3}
      propertyPath: m_RootOrder
      value: 7
      objectReference: {fileID: 0}
    - target: {fileID: -4216859302048453862, guid: a329f9d43657e4d2187ad7c38a5b5cc8,
        type: 3}
      propertyPath: m_LocalEulerAnglesHint.x
      value: 0
      objectReference: {fileID: 0}
    - target: {fileID: -4216859302048453862, guid: a329f9d43657e4d2187ad7c38a5b5cc8,
        type: 3}
      propertyPath: m_LocalEulerAnglesHint.y
      value: 0
      objectReference: {fileID: 0}
    - target: {fileID: -4216859302048453862, guid: a329f9d43657e4d2187ad7c38a5b5cc8,
        type: 3}
      propertyPath: m_LocalEulerAnglesHint.z
      value: 0
      objectReference: {fileID: 0}
    - target: {fileID: -4216859302048453862, guid: a329f9d43657e4d2187ad7c38a5b5cc8,
        type: 3}
      propertyPath: m_LocalScale.x
      value: 50
      objectReference: {fileID: 0}
    - target: {fileID: -4216859302048453862, guid: a329f9d43657e4d2187ad7c38a5b5cc8,
        type: 3}
      propertyPath: m_LocalScale.y
      value: 49.999985
      objectReference: {fileID: 0}
    - target: {fileID: -4216859302048453862, guid: a329f9d43657e4d2187ad7c38a5b5cc8,
        type: 3}
      propertyPath: m_LocalScale.z
      value: 49.999985
      objectReference: {fileID: 0}
    m_RemovedComponents: []
  m_SourcePrefab: {fileID: 100100000, guid: a329f9d43657e4d2187ad7c38a5b5cc8, type: 3}
--- !u!4 &7443262205882211474 stripped
Transform:
  m_CorrespondingSourceObject: {fileID: -4216859302048453862, guid: a329f9d43657e4d2187ad7c38a5b5cc8,
    type: 3}
  m_PrefabInstance: {fileID: 2463877210368030600}
  m_PrefabAsset: {fileID: 0}
--- !u!1001 &3452086021363851362
PrefabInstance:
  m_ObjectHideFlags: 0
  serializedVersion: 2
  m_Modification:
    m_TransformParent: {fileID: 7140953536990941774}
    m_Modifications:
    - target: {fileID: 6629383623060178705, guid: 15a73317299fc4fd79d12a73bcb5993e,
        type: 3}
      propertyPath: m_Name
      value: Wall
      objectReference: {fileID: 0}
    - target: {fileID: 6629383623060178706, guid: 15a73317299fc4fd79d12a73bcb5993e,
        type: 3}
      propertyPath: m_LocalPosition.x
      value: 0
      objectReference: {fileID: 0}
    - target: {fileID: 6629383623060178706, guid: 15a73317299fc4fd79d12a73bcb5993e,
        type: 3}
      propertyPath: m_LocalPosition.y
      value: 0
      objectReference: {fileID: 0}
    - target: {fileID: 6629383623060178706, guid: 15a73317299fc4fd79d12a73bcb5993e,
        type: 3}
      propertyPath: m_LocalPosition.z
      value: 4
      objectReference: {fileID: 0}
    - target: {fileID: 6629383623060178706, guid: 15a73317299fc4fd79d12a73bcb5993e,
        type: 3}
      propertyPath: m_LocalRotation.x
      value: 0
      objectReference: {fileID: 0}
    - target: {fileID: 6629383623060178706, guid: 15a73317299fc4fd79d12a73bcb5993e,
        type: 3}
      propertyPath: m_LocalRotation.y
      value: 1
      objectReference: {fileID: 0}
    - target: {fileID: 6629383623060178706, guid: 15a73317299fc4fd79d12a73bcb5993e,
        type: 3}
      propertyPath: m_LocalRotation.z
      value: 0
      objectReference: {fileID: 0}
    - target: {fileID: 6629383623060178706, guid: 15a73317299fc4fd79d12a73bcb5993e,
        type: 3}
      propertyPath: m_LocalRotation.w
      value: 0
      objectReference: {fileID: 0}
    - target: {fileID: 6629383623060178706, guid: 15a73317299fc4fd79d12a73bcb5993e,
        type: 3}
      propertyPath: m_RootOrder
      value: 2
      objectReference: {fileID: 0}
    - target: {fileID: 6629383623060178706, guid: 15a73317299fc4fd79d12a73bcb5993e,
        type: 3}
      propertyPath: m_LocalEulerAnglesHint.x
      value: 0
      objectReference: {fileID: 0}
    - target: {fileID: 6629383623060178706, guid: 15a73317299fc4fd79d12a73bcb5993e,
        type: 3}
      propertyPath: m_LocalEulerAnglesHint.y
      value: 180
      objectReference: {fileID: 0}
    - target: {fileID: 6629383623060178706, guid: 15a73317299fc4fd79d12a73bcb5993e,
        type: 3}
      propertyPath: m_LocalEulerAnglesHint.z
      value: 0
      objectReference: {fileID: 0}
    - target: {fileID: 6629383623060178710, guid: 15a73317299fc4fd79d12a73bcb5993e,
        type: 3}
      propertyPath: m_Mesh
      value: 
      objectReference: {fileID: 0}
    - target: {fileID: 6629383623060178707, guid: 15a73317299fc4fd79d12a73bcb5993e,
        type: 3}
      propertyPath: m_Mesh
      value: 
      objectReference: {fileID: 0}
    m_RemovedComponents: []
  m_SourcePrefab: {fileID: 100100000, guid: 15a73317299fc4fd79d12a73bcb5993e, type: 3}
--- !u!4 &8351935085413443440 stripped
Transform:
  m_CorrespondingSourceObject: {fileID: 6629383623060178706, guid: 15a73317299fc4fd79d12a73bcb5993e,
    type: 3}
  m_PrefabInstance: {fileID: 3452086021363851362}
  m_PrefabAsset: {fileID: 0}
--- !u!1001 &3992509696541069101
PrefabInstance:
  m_ObjectHideFlags: 0
  serializedVersion: 2
  m_Modification:
    m_TransformParent: {fileID: 7140953536997797564}
    m_Modifications:
    - target: {fileID: -927199367670048503, guid: 1fa294d4d46c743b3a7027563a13e819,
        type: 3}
      propertyPath: m_Name
      value: Debri_0
      objectReference: {fileID: 0}
    - target: {fileID: -4216859302048453862, guid: 1fa294d4d46c743b3a7027563a13e819,
        type: 3}
      propertyPath: m_LocalPosition.x
      value: -2.5917003
      objectReference: {fileID: 0}
    - target: {fileID: -4216859302048453862, guid: 1fa294d4d46c743b3a7027563a13e819,
        type: 3}
      propertyPath: m_LocalPosition.y
      value: 0
      objectReference: {fileID: 0}
    - target: {fileID: -4216859302048453862, guid: 1fa294d4d46c743b3a7027563a13e819,
        type: 3}
      propertyPath: m_LocalPosition.z
      value: 0.8868747
      objectReference: {fileID: 0}
    - target: {fileID: -4216859302048453862, guid: 1fa294d4d46c743b3a7027563a13e819,
        type: 3}
      propertyPath: m_LocalRotation.x
      value: -0.7071068
      objectReference: {fileID: 0}
    - target: {fileID: -4216859302048453862, guid: 1fa294d4d46c743b3a7027563a13e819,
        type: 3}
      propertyPath: m_LocalRotation.y
      value: -0
      objectReference: {fileID: 0}
    - target: {fileID: -4216859302048453862, guid: 1fa294d4d46c743b3a7027563a13e819,
        type: 3}
      propertyPath: m_LocalRotation.z
      value: -0
      objectReference: {fileID: 0}
    - target: {fileID: -4216859302048453862, guid: 1fa294d4d46c743b3a7027563a13e819,
        type: 3}
      propertyPath: m_LocalRotation.w
      value: 0.7071067
      objectReference: {fileID: 0}
    - target: {fileID: -4216859302048453862, guid: 1fa294d4d46c743b3a7027563a13e819,
        type: 3}
      propertyPath: m_RootOrder
      value: 4
      objectReference: {fileID: 0}
    - target: {fileID: -4216859302048453862, guid: 1fa294d4d46c743b3a7027563a13e819,
        type: 3}
      propertyPath: m_LocalEulerAnglesHint.x
      value: 0
      objectReference: {fileID: 0}
    - target: {fileID: -4216859302048453862, guid: 1fa294d4d46c743b3a7027563a13e819,
        type: 3}
      propertyPath: m_LocalEulerAnglesHint.y
      value: 0
      objectReference: {fileID: 0}
    - target: {fileID: -4216859302048453862, guid: 1fa294d4d46c743b3a7027563a13e819,
        type: 3}
      propertyPath: m_LocalEulerAnglesHint.z
      value: 0
      objectReference: {fileID: 0}
    - target: {fileID: -4216859302048453862, guid: 1fa294d4d46c743b3a7027563a13e819,
        type: 3}
      propertyPath: m_LocalScale.x
      value: 50
      objectReference: {fileID: 0}
    - target: {fileID: -4216859302048453862, guid: 1fa294d4d46c743b3a7027563a13e819,
        type: 3}
      propertyPath: m_LocalScale.y
      value: 49.999985
      objectReference: {fileID: 0}
    - target: {fileID: -4216859302048453862, guid: 1fa294d4d46c743b3a7027563a13e819,
        type: 3}
      propertyPath: m_LocalScale.z
      value: 49.999985
      objectReference: {fileID: 0}
    m_RemovedComponents: []
  m_SourcePrefab: {fileID: 100100000, guid: 1fa294d4d46c743b3a7027563a13e819, type: 3}
--- !u!4 &8219784710931063863 stripped
Transform:
  m_CorrespondingSourceObject: {fileID: -4216859302048453862, guid: 1fa294d4d46c743b3a7027563a13e819,
    type: 3}
  m_PrefabInstance: {fileID: 3992509696541069101}
  m_PrefabAsset: {fileID: 0}
--- !u!1001 &4155274703325416310
PrefabInstance:
  m_ObjectHideFlags: 0
  serializedVersion: 2
  m_Modification:
    m_TransformParent: {fileID: 7140953536997797564}
    m_Modifications:
    - target: {fileID: -927199367670048503, guid: 7197762793c174d0ea4e190497880475,
        type: 3}
      propertyPath: m_Name
      value: Debri_1
      objectReference: {fileID: 0}
    - target: {fileID: -4216859302048453862, guid: 7197762793c174d0ea4e190497880475,
        type: 3}
      propertyPath: m_LocalPosition.x
      value: 0.8268511
      objectReference: {fileID: 0}
    - target: {fileID: -4216859302048453862, guid: 7197762793c174d0ea4e190497880475,
        type: 3}
      propertyPath: m_LocalPosition.y
      value: 0
      objectReference: {fileID: 0}
    - target: {fileID: -4216859302048453862, guid: 7197762793c174d0ea4e190497880475,
        type: 3}
      propertyPath: m_LocalPosition.z
      value: -0.9523215
      objectReference: {fileID: 0}
    - target: {fileID: -4216859302048453862, guid: 7197762793c174d0ea4e190497880475,
        type: 3}
      propertyPath: m_LocalRotation.x
      value: -0.7071068
      objectReference: {fileID: 0}
    - target: {fileID: -4216859302048453862, guid: 7197762793c174d0ea4e190497880475,
        type: 3}
      propertyPath: m_LocalRotation.y
      value: -0
      objectReference: {fileID: 0}
    - target: {fileID: -4216859302048453862, guid: 7197762793c174d0ea4e190497880475,
        type: 3}
      propertyPath: m_LocalRotation.z
      value: -0
      objectReference: {fileID: 0}
    - target: {fileID: -4216859302048453862, guid: 7197762793c174d0ea4e190497880475,
        type: 3}
      propertyPath: m_LocalRotation.w
      value: 0.7071067
      objectReference: {fileID: 0}
    - target: {fileID: -4216859302048453862, guid: 7197762793c174d0ea4e190497880475,
        type: 3}
      propertyPath: m_RootOrder
      value: 5
      objectReference: {fileID: 0}
    - target: {fileID: -4216859302048453862, guid: 7197762793c174d0ea4e190497880475,
        type: 3}
      propertyPath: m_LocalEulerAnglesHint.x
      value: 0
      objectReference: {fileID: 0}
    - target: {fileID: -4216859302048453862, guid: 7197762793c174d0ea4e190497880475,
        type: 3}
      propertyPath: m_LocalEulerAnglesHint.y
      value: 0
      objectReference: {fileID: 0}
    - target: {fileID: -4216859302048453862, guid: 7197762793c174d0ea4e190497880475,
        type: 3}
      propertyPath: m_LocalEulerAnglesHint.z
      value: 0
      objectReference: {fileID: 0}
    - target: {fileID: -4216859302048453862, guid: 7197762793c174d0ea4e190497880475,
        type: 3}
      propertyPath: m_LocalScale.x
      value: 50
      objectReference: {fileID: 0}
    - target: {fileID: -4216859302048453862, guid: 7197762793c174d0ea4e190497880475,
        type: 3}
      propertyPath: m_LocalScale.y
      value: 49.999985
      objectReference: {fileID: 0}
    - target: {fileID: -4216859302048453862, guid: 7197762793c174d0ea4e190497880475,
        type: 3}
      propertyPath: m_LocalScale.z
      value: 49.999985
      objectReference: {fileID: 0}
    m_RemovedComponents: []
  m_SourcePrefab: {fileID: 100100000, guid: 7197762793c174d0ea4e190497880475, type: 3}
--- !u!4 &8993746305754423404 stripped
Transform:
  m_CorrespondingSourceObject: {fileID: -4216859302048453862, guid: 7197762793c174d0ea4e190497880475,
    type: 3}
  m_PrefabInstance: {fileID: 4155274703325416310}
  m_PrefabAsset: {fileID: 0}
--- !u!1001 &4213108325555010397
PrefabInstance:
  m_ObjectHideFlags: 0
  serializedVersion: 2
  m_Modification:
    m_TransformParent: {fileID: 7140953536990941774}
    m_Modifications:
    - target: {fileID: 6629383623060178705, guid: 2740a453d720f4e1388853887636a13a,
        type: 3}
      propertyPath: m_Name
      value: Wall_Door
      objectReference: {fileID: 0}
    - target: {fileID: 6629383623060178706, guid: 2740a453d720f4e1388853887636a13a,
        type: 3}
      propertyPath: m_LocalPosition.x
      value: -4
      objectReference: {fileID: 0}
    - target: {fileID: 6629383623060178706, guid: 2740a453d720f4e1388853887636a13a,
        type: 3}
      propertyPath: m_LocalPosition.y
      value: 0
      objectReference: {fileID: 0}
    - target: {fileID: 6629383623060178706, guid: 2740a453d720f4e1388853887636a13a,
        type: 3}
      propertyPath: m_LocalPosition.z
      value: 0
      objectReference: {fileID: 0}
    - target: {fileID: 6629383623060178706, guid: 2740a453d720f4e1388853887636a13a,
        type: 3}
      propertyPath: m_LocalRotation.x
      value: 0
      objectReference: {fileID: 0}
    - target: {fileID: 6629383623060178706, guid: 2740a453d720f4e1388853887636a13a,
        type: 3}
      propertyPath: m_LocalRotation.y
      value: 0.7071068
      objectReference: {fileID: 0}
    - target: {fileID: 6629383623060178706, guid: 2740a453d720f4e1388853887636a13a,
        type: 3}
      propertyPath: m_LocalRotation.z
      value: 0
      objectReference: {fileID: 0}
    - target: {fileID: 6629383623060178706, guid: 2740a453d720f4e1388853887636a13a,
        type: 3}
      propertyPath: m_LocalRotation.w
      value: 0.7071068
      objectReference: {fileID: 0}
    - target: {fileID: 6629383623060178706, guid: 2740a453d720f4e1388853887636a13a,
        type: 3}
      propertyPath: m_RootOrder
      value: 0
      objectReference: {fileID: 0}
    - target: {fileID: 6629383623060178706, guid: 2740a453d720f4e1388853887636a13a,
        type: 3}
      propertyPath: m_LocalEulerAnglesHint.x
      value: 0
      objectReference: {fileID: 0}
    - target: {fileID: 6629383623060178706, guid: 2740a453d720f4e1388853887636a13a,
        type: 3}
      propertyPath: m_LocalEulerAnglesHint.y
      value: 90
      objectReference: {fileID: 0}
    - target: {fileID: 6629383623060178706, guid: 2740a453d720f4e1388853887636a13a,
        type: 3}
      propertyPath: m_LocalEulerAnglesHint.z
      value: 0
      objectReference: {fileID: 0}
    - target: {fileID: 6629383623060178710, guid: 2740a453d720f4e1388853887636a13a,
        type: 3}
      propertyPath: m_Mesh
      value: 
      objectReference: {fileID: 0}
    - target: {fileID: 6629383623060178707, guid: 2740a453d720f4e1388853887636a13a,
        type: 3}
      propertyPath: m_Mesh
      value: 
      objectReference: {fileID: 0}
    m_RemovedComponents: []
  m_SourcePrefab: {fileID: 100100000, guid: 2740a453d720f4e1388853887636a13a, type: 3}
--- !u!4 &7383575674532478031 stripped
Transform:
  m_CorrespondingSourceObject: {fileID: 6629383623060178706, guid: 2740a453d720f4e1388853887636a13a,
    type: 3}
  m_PrefabInstance: {fileID: 4213108325555010397}
  m_PrefabAsset: {fileID: 0}
--- !u!1001 &6027686596131364599
PrefabInstance:
  m_ObjectHideFlags: 0
  serializedVersion: 2
  m_Modification:
    m_TransformParent: {fileID: 7140953536997797564}
    m_Modifications:
    - target: {fileID: -927199367670048503, guid: bd9c708214a264696b13a4ecfe1f66f5,
        type: 3}
      propertyPath: m_Name
      value: Stones_0
      objectReference: {fileID: 0}
    - target: {fileID: -4216859302048453862, guid: bd9c708214a264696b13a4ecfe1f66f5,
        type: 3}
      propertyPath: m_LocalPosition.x
      value: 1.3489969
      objectReference: {fileID: 0}
    - target: {fileID: -4216859302048453862, guid: bd9c708214a264696b13a4ecfe1f66f5,
        type: 3}
      propertyPath: m_LocalPosition.y
      value: 0
      objectReference: {fileID: 0}
    - target: {fileID: -4216859302048453862, guid: bd9c708214a264696b13a4ecfe1f66f5,
        type: 3}
      propertyPath: m_LocalPosition.z
      value: 1
      objectReference: {fileID: 0}
    - target: {fileID: -4216859302048453862, guid: bd9c708214a264696b13a4ecfe1f66f5,
        type: 3}
      propertyPath: m_LocalRotation.x
      value: -0.7071068
      objectReference: {fileID: 0}
    - target: {fileID: -4216859302048453862, guid: bd9c708214a264696b13a4ecfe1f66f5,
        type: 3}
      propertyPath: m_LocalRotation.y
      value: -0
      objectReference: {fileID: 0}
    - target: {fileID: -4216859302048453862, guid: bd9c708214a264696b13a4ecfe1f66f5,
        type: 3}
      propertyPath: m_LocalRotation.z
      value: -0
      objectReference: {fileID: 0}
    - target: {fileID: -4216859302048453862, guid: bd9c708214a264696b13a4ecfe1f66f5,
        type: 3}
      propertyPath: m_LocalRotation.w
      value: 0.7071067
      objectReference: {fileID: 0}
    - target: {fileID: -4216859302048453862, guid: bd9c708214a264696b13a4ecfe1f66f5,
        type: 3}
      propertyPath: m_RootOrder
      value: 3
      objectReference: {fileID: 0}
    - target: {fileID: -4216859302048453862, guid: bd9c708214a264696b13a4ecfe1f66f5,
        type: 3}
      propertyPath: m_LocalEulerAnglesHint.x
      value: 0
      objectReference: {fileID: 0}
    - target: {fileID: -4216859302048453862, guid: bd9c708214a264696b13a4ecfe1f66f5,
        type: 3}
      propertyPath: m_LocalEulerAnglesHint.y
      value: 0
      objectReference: {fileID: 0}
    - target: {fileID: -4216859302048453862, guid: bd9c708214a264696b13a4ecfe1f66f5,
        type: 3}
      propertyPath: m_LocalEulerAnglesHint.z
      value: 0
      objectReference: {fileID: 0}
    - target: {fileID: -4216859302048453862, guid: bd9c708214a264696b13a4ecfe1f66f5,
        type: 3}
      propertyPath: m_LocalScale.x
      value: 50
      objectReference: {fileID: 0}
    - target: {fileID: -4216859302048453862, guid: bd9c708214a264696b13a4ecfe1f66f5,
        type: 3}
      propertyPath: m_LocalScale.y
      value: 49.999985
      objectReference: {fileID: 0}
    - target: {fileID: -4216859302048453862, guid: bd9c708214a264696b13a4ecfe1f66f5,
        type: 3}
      propertyPath: m_LocalScale.z
      value: 49.999985
      objectReference: {fileID: 0}
    m_RemovedComponents: []
  m_SourcePrefab: {fileID: 100100000, guid: bd9c708214a264696b13a4ecfe1f66f5, type: 3}
--- !u!4 &1647211129070597613 stripped
Transform:
  m_CorrespondingSourceObject: {fileID: -4216859302048453862, guid: bd9c708214a264696b13a4ecfe1f66f5,
    type: 3}
  m_PrefabInstance: {fileID: 6027686596131364599}
  m_PrefabAsset: {fileID: 0}
--- !u!1001 &6180847539389213847
PrefabInstance:
  m_ObjectHideFlags: 0
  serializedVersion: 2
  m_Modification:
    m_TransformParent: {fileID: 7140953536997797564}
    m_Modifications:
    - target: {fileID: -927199367670048503, guid: adbe02a494d9d4753a277f4d025a6173,
        type: 3}
      propertyPath: m_Name
      value: Debri_2
      objectReference: {fileID: 0}
    - target: {fileID: -4216859302048453862, guid: adbe02a494d9d4753a277f4d025a6173,
        type: 3}
      propertyPath: m_LocalPosition.x
      value: -0.646579
      objectReference: {fileID: 0}
    - target: {fileID: -4216859302048453862, guid: adbe02a494d9d4753a277f4d025a6173,
        type: 3}
      propertyPath: m_LocalPosition.y
      value: 0
      objectReference: {fileID: 0}
    - target: {fileID: -4216859302048453862, guid: adbe02a494d9d4753a277f4d025a6173,
        type: 3}
      propertyPath: m_LocalPosition.z
      value: 0.76254153
      objectReference: {fileID: 0}
    - target: {fileID: -4216859302048453862, guid: adbe02a494d9d4753a277f4d025a6173,
        type: 3}
      propertyPath: m_LocalRotation.x
      value: -0.7071068
      objectReference: {fileID: 0}
    - target: {fileID: -4216859302048453862, guid: adbe02a494d9d4753a277f4d025a6173,
        type: 3}
      propertyPath: m_LocalRotation.y
      value: -0
      objectReference: {fileID: 0}
    - target: {fileID: -4216859302048453862, guid: adbe02a494d9d4753a277f4d025a6173,
        type: 3}
      propertyPath: m_LocalRotation.z
      value: -0
      objectReference: {fileID: 0}
    - target: {fileID: -4216859302048453862, guid: adbe02a494d9d4753a277f4d025a6173,
        type: 3}
      propertyPath: m_LocalRotation.w
      value: 0.7071067
      objectReference: {fileID: 0}
    - target: {fileID: -4216859302048453862, guid: adbe02a494d9d4753a277f4d025a6173,
        type: 3}
      propertyPath: m_RootOrder
      value: 6
      objectReference: {fileID: 0}
    - target: {fileID: -4216859302048453862, guid: adbe02a494d9d4753a277f4d025a6173,
        type: 3}
      propertyPath: m_LocalEulerAnglesHint.x
      value: 0
      objectReference: {fileID: 0}
    - target: {fileID: -4216859302048453862, guid: adbe02a494d9d4753a277f4d025a6173,
        type: 3}
      propertyPath: m_LocalEulerAnglesHint.y
      value: 0
      objectReference: {fileID: 0}
    - target: {fileID: -4216859302048453862, guid: adbe02a494d9d4753a277f4d025a6173,
        type: 3}
      propertyPath: m_LocalEulerAnglesHint.z
      value: 0
      objectReference: {fileID: 0}
    - target: {fileID: -4216859302048453862, guid: adbe02a494d9d4753a277f4d025a6173,
        type: 3}
      propertyPath: m_LocalScale.x
      value: 50
      objectReference: {fileID: 0}
    - target: {fileID: -4216859302048453862, guid: adbe02a494d9d4753a277f4d025a6173,
        type: 3}
      propertyPath: m_LocalScale.y
      value: 49.999985
      objectReference: {fileID: 0}
    - target: {fileID: -4216859302048453862, guid: adbe02a494d9d4753a277f4d025a6173,
        type: 3}
      propertyPath: m_LocalScale.z
      value: 49.999985
      objectReference: {fileID: 0}
    m_RemovedComponents: []
  m_SourcePrefab: {fileID: 100100000, guid: adbe02a494d9d4753a277f4d025a6173, type: 3}
--- !u!4 &1205976069224368013 stripped
Transform:
  m_CorrespondingSourceObject: {fileID: -4216859302048453862, guid: adbe02a494d9d4753a277f4d025a6173,
    type: 3}
  m_PrefabInstance: {fileID: 6180847539389213847}
  m_PrefabAsset: {fileID: 0}
--- !u!1001 &8024848882816763096
PrefabInstance:
  m_ObjectHideFlags: 0
  serializedVersion: 2
  m_Modification:
    m_TransformParent: {fileID: 7140953536990941774}
    m_Modifications:
    - target: {fileID: 6629383623060178705, guid: 15a73317299fc4fd79d12a73bcb5993e,
        type: 3}
      propertyPath: m_Name
      value: Wall (1)
      objectReference: {fileID: 0}
    - target: {fileID: 6629383623060178706, guid: 15a73317299fc4fd79d12a73bcb5993e,
        type: 3}
      propertyPath: m_LocalPosition.x
      value: 0
      objectReference: {fileID: 0}
    - target: {fileID: 6629383623060178706, guid: 15a73317299fc4fd79d12a73bcb5993e,
        type: 3}
      propertyPath: m_LocalPosition.y
      value: 0
      objectReference: {fileID: 0}
    - target: {fileID: 6629383623060178706, guid: 15a73317299fc4fd79d12a73bcb5993e,
        type: 3}
      propertyPath: m_LocalPosition.z
      value: -4
      objectReference: {fileID: 0}
    - target: {fileID: 6629383623060178706, guid: 15a73317299fc4fd79d12a73bcb5993e,
        type: 3}
      propertyPath: m_LocalRotation.x
      value: -0
      objectReference: {fileID: 0}
    - target: {fileID: 6629383623060178706, guid: 15a73317299fc4fd79d12a73bcb5993e,
        type: 3}
      propertyPath: m_LocalRotation.y
      value: -0
      objectReference: {fileID: 0}
    - target: {fileID: 6629383623060178706, guid: 15a73317299fc4fd79d12a73bcb5993e,
        type: 3}
      propertyPath: m_LocalRotation.z
      value: -0
      objectReference: {fileID: 0}
    - target: {fileID: 6629383623060178706, guid: 15a73317299fc4fd79d12a73bcb5993e,
        type: 3}
      propertyPath: m_LocalRotation.w
      value: 1
      objectReference: {fileID: 0}
    - target: {fileID: 6629383623060178706, guid: 15a73317299fc4fd79d12a73bcb5993e,
        type: 3}
      propertyPath: m_RootOrder
      value: 3
      objectReference: {fileID: 0}
    - target: {fileID: 6629383623060178706, guid: 15a73317299fc4fd79d12a73bcb5993e,
        type: 3}
      propertyPath: m_LocalEulerAnglesHint.x
      value: 0
      objectReference: {fileID: 0}
    - target: {fileID: 6629383623060178706, guid: 15a73317299fc4fd79d12a73bcb5993e,
        type: 3}
      propertyPath: m_LocalEulerAnglesHint.y
      value: 0
      objectReference: {fileID: 0}
    - target: {fileID: 6629383623060178706, guid: 15a73317299fc4fd79d12a73bcb5993e,
        type: 3}
      propertyPath: m_LocalEulerAnglesHint.z
      value: 0
      objectReference: {fileID: 0}
    - target: {fileID: 6629383623060178710, guid: 15a73317299fc4fd79d12a73bcb5993e,
        type: 3}
      propertyPath: m_Mesh
      value: 
      objectReference: {fileID: 0}
    - target: {fileID: 6629383623060178707, guid: 15a73317299fc4fd79d12a73bcb5993e,
        type: 3}
      propertyPath: m_Mesh
      value: 
      objectReference: {fileID: 0}
    m_RemovedComponents: []
  m_SourcePrefab: {fileID: 100100000, guid: 15a73317299fc4fd79d12a73bcb5993e, type: 3}
--- !u!4 &3701308864896992202 stripped
Transform:
  m_CorrespondingSourceObject: {fileID: 6629383623060178706, guid: 15a73317299fc4fd79d12a73bcb5993e,
    type: 3}
  m_PrefabInstance: {fileID: 8024848882816763096}
  m_PrefabAsset: {fileID: 0}
